 Dungeon Crawl Stone Soup version 0.29-a0-857-g9b1aa3ac5b (webtiles) character file.

Game seed: 16272454503372242865

63 HoaS the Shooter (level 4, -5/26 HPs)
             Began as a Kobold Hunter on July 16, 2022.
             Slain by a black bear (6 damage)
             ... on level 3 of the Dungeon.
             The game lasted 00:03:13 (2440 turns).

HoaS the Shooter (Kobold Hunter)                    Turns: 2440, Time: 00:03:14

Health: -5/26      AC:  3    Str:  8    XL:     4   Next: 30%
Magic:  4/4        EV: 14    Int: 16    God:
Gold:   80         SH:  0    Dex: 20    Spells: 3/3 levels left

rFire   . . .      SeeInvis .   a - +0 shortbow
rCold   . . .      Faith    .   (shield currently unavailable)
rNeg    . . .      Spirit   .   c - +0 leather armour
rPois   .          Reflect  .   (no helmet)
rElec   .          Harm     .   (no cloak)
rCorr   .          Rampage  .   (no gloves)
Will    .....                   (no boots)
Stlth   +++.......              d - amulet of the acrobat
HPRegen 0.08/turn               i - +6 ring of intelligence
MPRegen 0.09/turn               (no ring)

@: hasted, very quick
A: small, no large weapons, nightstalker 3
a: no special abilities


You were on level 3 of the Dungeon.
You visited 1 branch of the dungeon, and saw 3 of its levels.

You collected 80 gold pieces.

Inventory:

Hand Weapons
 a - a +0 shortbow (weapon)
Armour
 c - a +0 leather armour (worn)
Jewellery
 d - an amulet of the acrobat (around neck)
 i - a +6 ring of intelligence (left hand)
Scrolls
 b - a scroll of immolation
 e - 3 scrolls of identify
Potions
 f - 2 potions of curing {unknown}
 g - 3 potions of haste
 h - a potion of experience {unknown}
 l - 2 potions of mutation {unknown}
 m - 2 potions of heal wounds {unknown}


   Skills:
 - Level 2.1 Fighting
 + Level 7.3 Ranged Weapons
 - Level 2.4 Dodging
 - Level 1.3 Stealth


You had 3 spell levels left.
You didn't know any spells.
Your spell library contained the following spells:

 Spells                   Type           Power      Damage    Failure   Level
 Apportation              Tloc           0%         N/A       36%         1
 Alistair's Intoxication  Tmut/Pois      0%         N/A       100%        5


Dungeon Overview and Level Annotations

Branches:
Dungeon (3/15)

Altars:
Cheibriados
Uskayaw

Annotations:
D:3 Pargi


Innate Abilities, Weirdness & Mutations

You are small and have problems with some larger weapons.
You are completely attuned to the shadows.


Message History

The arrow closely misses the rat.
The black bear bites you. The black bear claws you.
The black bear completely misses you.
You are too injured to fight recklessly!
You are too injured to fight recklessly!
You are too injured to fight recklessly!
You feel yourself speed up. The black bear closely misses you.
The black bear misses you. x2
Pargi the Meek comes into view.
Fire: a) +0 shortbow
Press: ? - help, Q - select action Shift-Dir - straight line, f/p - black bear
Aim: a black bear (moderately wounded, 72% to hit)
You shoot an arrow. The arrow hits the black bear!
The black bear is heavily wounded.
The black bear bites you. The black bear claws you.
The black bear closely misses you.
Fire: a) +0 shortbow
Press: ? - help, Q - select action Shift-Dir - straight line, f/p - black bear
Aim: a black bear (heavily wounded, 72% to hit)
You shoot an arrow.
The arrow closely misses the black bear.
The arrow hits the rat.
The rat is severely wounded.
Fire: a) +0 shortbow
Press: ? - help, Q - select action Shift-Dir - straight line, f/p - black bear
Aim: a black bear (heavily wounded, 72% to hit)
You shoot an arrow. The arrow barely misses the black bear.
The arrow barely misses the rat.
The arrow closely misses Pargi.
The black bear bites you. The black bear claws you.
* * * LOW HITPOINT WARNING * * *
The black bear claws you.
* * * LOW HITPOINT WARNING * * *
Fire: a) +0 shortbow
Press: ? - help, Q - select action Shift-Dir - straight line, f/p - black bear
Aim: a black bear (heavily wounded, 72% to hit)
You shoot an arrow. The arrow barely misses the black bear.
The arrow barely misses the rat.
The arrow closely misses Pargi.
The black bear bites you.
You die...

##### [##### .....
r....# #####
...#T# .... .# #r#
#### #h# .... #@#
#### #.##.#.#
#.##.#.# #
#.##.#.# #.
#.##.#.# ##
#.##.##.#.# .#
#..†.#....# .#
#..)..<...#
.#######...##...##


You could see Pargi, a black bear and a rat.

Vanquished Creatures
  A worm (D:3)
  3 dart slugs
  2 endoplasms (D:2)
  3 goblins (D:1)
  6 hobgoblins
  10 jackals
  6 kobolds
  3 quokkas
  4 ball pythons
  2 bats (D:1)
  A frilled lizard (D:1)
  7 rats
48 creatures vanquished.

Notes
Turn   | Place    | Note
-------+----------+-------------------------------------------
     0 | D:1      | HoaS the Kobold Hunter began the quest for the Orb.
     0 | D:1      | Reached XP level 1. HP: 12/12 MP: 1/1
   173 | D:1      | Reached XP level 2. HP: 17/17 MP: 2/2
   212 | D:1      | Reached skill level 6 in Ranged Weapons
   628 | D:1      | Reached XP level 3. HP: 21/21 MP: 3/3
   962 | D:2      | Found a faded altar of an unknown god.
  1191 | D:2      | Reached skill level 7 in Ranged Weapons
  1375 | D:2      | Found a hide-covered altar of Uskayaw.
  1721 | D:2      | Reached XP level 4. HP: 26/26 MP: 4/4
  2210 | D:3      | Found a snail-covered altar of Cheibriados.
  2427 | D:3      | Noticed a black bear
  2436 | D:3      | Noticed Pargi
  2439 | D:3      | HP: 1/26 [black bear (2)]
  2440 | D:3      | Slain by a black bear

Illustrated notes

Levels and vault maps discovered:
D:1:      psy_arrival_dodecagon, layout_loops_cross, minmay_tiny_reverse_x
D:2:      layout_basic, basic_altar, chequers_ecumenical_altar_simple_redux,
          minivault_24
D:3:      layout_loops_ring, chei_slow_surprise, kennysheep_generic_room_8,
          uniq_pargi

Skill      XL: |  1  2  3 |
---------------+----------+-----
Ranged Weapons | 6 7 |  7.3
Fighting       | |  2.1
Dodging        | |  2.4
Stealth        | |  1.3

Action                   |  1- 3 |  4- 6 || total
-------------------------+-------+-------++-------
 Fire: Shortbow          |    93 |    29 ||   122
  Use: Scroll            |     1 |     3 ||     4
       Potion            |       |     1 ||     1
Armor: Leather armour    |    13 |       ||    13
Dodge: Dodged            |    36 |    16 ||    52

Table legend: (Time is in decaauts)
 A = Elapsed time spent in this place.
 B = Non-inter-level travel time spent in this place.
 C = Inter-level travel time spent in this place.
 D = Time resting spent in this place.
 E = Time spent auto-exploring this place.
 F = Levels seen in this place.
 G = Mean time per level.
                   A        B        C        D        E       F      G
               +--------+--------+--------+--------+--------+-----+--------+
         Total |   2466 |   2347 |    119 |    400 |   1688 |   3 |  822.0 |
       Dungeon |   2466 |   2347 |    119 |    400 |   1688 |   3 |  822.0 |
               +--------+--------+--------+--------+--------+-----+--------+

Top non-repeatable levels by time:
     D:2: 1205 daAuts
     D:1: 870 daAuts
     D:3: 390 daAuts
